 Dungeon Crawl Stone Soup version 0.25.1-2-g60ff931df9 (webtiles) character file.

Game seed: 16325199065933132219

51089 gruber the Tortoise (level 14, -10/121 HPs)
             Began as a Minotaur Fighter on Aug 21, 2020.
             Was a High Priest of Okawaru.
             Killed from afar by a green death (18 damage)
             ... with a bolt of poison
             ... on level 1 of the Abyss.
             The game lasted 00:26:23 (24040 turns).

gruber the Tortoise (Minotaur Fighter)             Turns: 24040, Time: 00:26:23

Health: -10/121    AC: 29    Str: 27    XL:     14   Next: 22%
Magic:  11/13      EV: 14    Int:  5    God:    Okawaru [*****.]
Gold:   1642       SH: 15    Dex:  9    Spells: 13/13 levels left

rFire    + + .     SeeInvis .   P - +2 demon trident (pain)
rCold    + . .     Gourm    .   c - +0 kite shield
rNeg     . . .     Faith    .   l - +4 plate armour {MR+}
rPois    .         Spirit   .   (helmet restricted)
rElec    .         Reflect  .   X - scarf {rC+ rF+}
rCorr    .         Harm     .   q - +1 pair of gloves
MR       +++..                  n - +1 pair of boots {run}
Stlth    ..........             O - amulet of magic regeneration
HPRegen  0.30/turn              R - ring of protection from fire
MPRegen  0.38/turn              x - ring of protection from magic

@: lethally poisoned (-10 -> -20), heroism, lightly drained, quick
A: retaliatory headbutt, horns 2
a: Heroism, Finesse, Renounce Religion


You were on level 1 of the Abyss.
You worshipped Okawaru.
Okawaru was extremely pleased with you.
You were not hungry.

You visited 4 branches of the dungeon, and saw 20 of its levels.
You visited the Abyss 1 time.
You also visited: Ice Cave.

You collected 1642 gold pieces.

Inventory:

Hand Weapons
 a - a +2 trident of venom
 P - a +2 demon trident of pain (weapon)
Missiles
 y - 10 javelins
 G - 2 curare-tipped darts (quivered)
 K - 3 throwing nets
Armour
 c - a +0 kite shield (worn)
 l - a +4 plate armour of magic resistance (worn)
 n - a +1 pair of boots of running (worn)
 q - a +1 pair of gloves (worn)
 C - a +1 scale mail of poison resistance
 X - a scarf of resistance (worn)
Jewellery
 m - an uncursed ring of see invisible
 x - a ring of protection from magic (right hand)
 D - an uncursed ring of resist corrosion
 E - an uncursed ring of positive energy
 O - an amulet of magic regeneration (around neck)
 R - a ring of protection from fire (left hand)
Wands
 v - a wand of paralysis (10)
 A - a wand of digging (6)
 H - a wand of polymorph (15)
 J - a wand of clouds (10)
 Q - a wand of disintegration (26)
 T - a wand of flame (20)
 V - a wand of iceblast (17)
 W - a wand of acid (5)
Scrolls
 e - 4 scrolls of amnesia
 g - 8 scrolls of enchant weapon
 h - a scroll of identify
 i - 2 scrolls of blinking
 o - 3 scrolls of immolation
 r - 2 scrolls of enchant armour
 B - 9 scrolls of remove curse
 I - a scroll of fear
 L - 3 scrolls of torment
 M - a scroll of noise
 N - 2 scrolls of teleportation
 Y - a scroll of summoning
Potions
 b - 3 potions of cancellation
 d - 5 potions of might
 j - a potion of invisibility
 k - 8 potions of flight
 p - 4 potions of haste
 s - 4 potions of lignification
 t - 2 potions of stabbing
 u - 3 potions of heal wounds
 w - a potion of mutation
 z - 4 potions of curing
 S - a potion of berserk rage
 U - a potion of ambrosia
 Z - 2 potions of resistance
Comestibles
 f - 28 rations


   Skills:
 - Level 10.0(14.5) Fighting
   Level 0.2(14.6) Axes
 - Level 15.1(19.6) Polearms
 - Level 17.0(21.5) Armour
 - Level 10.2(14.7) Dodging
 * Level 12.1(16.7) Shields


You had 13 spell levels left.
You didn't know any spells.
Your spell library contained the following spells:

 Spells                   Type           Power        Failure   Level  Hunger
 Corona                   Hex            #......      92%         1    ##.....
 Magic Dart               Conj           #...         92%         1    ##.....
 Summon Small Mammal      Summ           #...         92%         1    ##.....
 Blink                    Tloc           N/A          98%         2    ###....
 Call Imp                 Summ           #.......     98%         2    ###....
 Ensorcelled Hibernation  Hex/Ice        #.....       98%         2    ###....
 Slow                     Hex            #.......     98%         2    ###....
 Call Canine Familiar     Summ           #.......     100%        3    ####...
 Confusing Touch          Hex            #.......     100%        3    ####...
 Conjure Flame            Conj/Fire      #.......     100%        3    ####...
 Dazzling Flash           Conj/Hex       #.....       100%        3    ####...
 Mephitic Cloud           Conj/Pois/Air  #.......     100%        3    ####...
 Summon Guardian Golem    Hex/Summ       #.......     100%        3    ####...
 Tukima's Dance           Hex            #.......     100%        3    ####...
 Summon Ice Beast         Ice/Summ       #.......     100%        4    #####..
 Summon Lightning Spire   Summ/Air       #.......     100%        4    #####..


Dungeon Overview and Level Annotations

Branches:
Dungeon (11/15)            Temple (1/1) D:4            Lair (6/6) D:9
  Swamp (0/4) Lair:3        Snake (0/4) Lair:3        Slime (0/5) Lair:6
    Orc (2/2) D:9             Elf (0/3) Orc:2         IceCv (visited)

Altars:
Ashenzari
Cheibriados
Dithmenos
Elyvilon
Fedhas
Gozag
Hepliaklqana
Kikubaaqudgha
Makhleb
Nemelex Xobeh
Okawaru
Qazlal
Ru
Sif Muna
Trog
Uskayaw
Vehumet
Wu Jian
Xom
Yredelemnul
Zin
The Shining One
Beogh

Annotations:
D:5 2 transporters, Velaskes's ghost, novice DrTm
D:10 exclusion: ice statue
Lair:4 exclusion: oklob plant
Lair:5 exclusion: oklob plant
Orc:2 Sonja


Innate Abilities, Weirdness & Mutations

You reflexively headbutt those who attack you in melee.
You have a pair of horns on your head.


Message History

Unknown command.
Unknown command.
You fail to use your ability.
The smoke demon gestures at you. Something smites you!
* * * LOW HITPOINT WARNING * * *
You gain the combat prowess of a mighty hero.
You block the smoke demon's attack.
The smoke demon hits you but does no damage.
You block the smoke demon's attack.
Attack whom?
Press: ? - help, Dir - move target cursor, f/p - green death
Aim: a green death (lightly wounded)
The smoke demon is in the way.
You impale the smoke demon!!
You kill the smoke demon!
Okawaru accepts your kill. The green death gestures at you.
The bolt of poison hits you!!
You are lethally poisoned!
You die...

.#≈ . ## # . ...
#. # ..... ##:#
#. ≈ ..
#...##... ≈ ..
#...##..# . #
#@#..3 #. .#
#.....#.#..
..≈..
#.####.#2.....≈.
.% .5#....≈ .. .
.. ...... .
#.......#..≈ .#
..... #.###.≈.#
#. .. .# .≈..
... ...#...!
.≈..


You could see a green death.

Vanquished Creatures
  Snorg (Lair:5)
  2 hydras
  3 two-headed ogres
  2 large abominations (Abyss:1)
  Urug (Lair:1)
  An unseen horror (D:11)
  A necromancer (IceCv)
  An orc knight (Orc:1)
  4 orc sorcerers (Orc:1)
  2 manticores
  A wolf spider (Lair:6)
  6 black mambas
  A smoke demon (Abyss:1)
  A gargoyle (D:10)
  15 spiny frogs
  Psyche (D:8)
  3 ice statues (IceCv)
  A kobold demonologist (D:11)
  3 rime drakes
  8 ice devils (IceCv)
  4 komodo dragons
  2 trolls
  11 polar bears
  4 dream sheep (Lair:5)
  A hornet (D:9)
  A raiju (Lair:6)
  A meliai zombie (D:10)
  8 blink frogs
  9 hippogriffs
  33 yaks
  A shadow (D:11)
  2 spriggans (Lair:2)
  3 wyverns
  2 basilisks
  A steam dragon (Lair:5)
  2 vampire mosquitoes (D:11)
  A hungry ghost (D:8)
  10 wargs
  11 water moccasins
  14 hell hounds (Lair:6)
  8 porcupines
  2 sky beasts (D:10)
  12 black bears
  Duvessa (D:5)
  11 orc warriors
  5 ice beasts
  4 phantoms
  A necrophage (D:11)
  3 ogres
  21 wolves
  8 centaurs
  8 crocodiles
  2 big kobolds
  Blork the orc (D:5)
  10 bullfrogs
  3 gnoll sergeants
  Dowan (D:5)
  3 scorpions
  11 killer bees
  13 wights
  5 howler monkeys
  An electric eel (Lair:1)
  7 crimson imps
  2 bullfrog zombies
  2 centaur zombies
  A draconian simulacrum (IceCv)
  2 hounds
  4 jellies
  17 orc wizards
  3 centaur skeletons
  22 orc priests
  Crazy Yiuf (D:3)
  2 bullfrog skeletons
  An iguana (D:9)
  2 spriggan simulacra (IceCv)
  2 worker ants
  A hound zombie (D:10)
  A hound skeleton (D:7)
  A worker ant zombie (D:3)
  25 gnolls
  9 adders
  2 howler monkey skeletons
  5 naga simulacra (IceCv)
  2 ogre simulacra (IceCv)
  4 shadow imps
  An adder skeleton (D:4)
  3 worms
  6 leopard geckos
  83 orcs
  4 bats
  4 giant cockroaches
  9 goblins
  7 hobgoblins
  9 jackals
  14 kobolds
  4 quokkas
  2 ball pythons
  9 frilled lizards
  A leopard gecko skeleton (D:7)
  2 leopard gecko zombies
  A quokka skeleton (D:4)
  6 rats
596 creatures vanquished.

Vanquished Creatures (others)
  A warg (Orc:2)
  2 fungi
  12 plants
  A withered plant (D:11)
16 creatures vanquished.

Grand Total: 612 creatures vanquished

Notes
Turn   | Place    | Note
-------+----------+-------------------------------------------
     0 | D:1      | gruber the Minotaur Fighter began the quest for the Orb.
     0 | D:1      | Reached XP level 1. HP: 19/19 MP: 0/0
   253 | D:1      | Reached XP level 2. HP: 26/26 MP: 1/1
   669 | D:1      | Reached XP level 3. HP: 31/31 MP: 2/2
  1304 | D:2      | Reached skill level 5 in Polearms
  1580 | D:2      | Noticed a fire elemental
  1581 | D:2      | Found a stormy altar of Qazlal.
  1582 | D:2      | Noticed an earth elemental
  1582 | D:2      | Noticed an air elemental
  1582 | D:2      | Noticed a water elemental
  1724 | D:2      | Reached XP level 4. HP: 17/39 MP: 3/3
  2236 | D:3      | Found a runed translucent door.
  2237 | D:3      | Noticed Crazy Yiuf
  2730 | D:3      | Reached XP level 5. HP: 45/45 MP: 4/4
  2741 | D:3      | Found a shadowy altar of Dithmenos.
  2748 | D:3      | Found a glowing silver altar of Zin.
  2843 | D:3      | Found a blossoming altar of Fedhas.
  3035 | D:3      | Killed Crazy Yiuf
  3134 | D:4      | Reached skill level 4 in Armour
  3134 | D:4      | Reached skill level 1 in Dodging
  3427 | D:4      | Found a radiant altar of Vehumet.
  3462 | D:4      | Found a staircase to the Ecumenical Temple.
  3532 | Temple   | Entered the Ecumenical Temple
  3996 | D:5      | Entered Level 5 of the Dungeon
  4056 | D:5      | Noticed an ice beast
  4063 | D:5      | Reached XP level 6. HP: 51/51 MP: 5/5
  4072 | D:5      | Killed an ice beast
  4234 | D:5      | Noticed Duvessa
  4234 | D:5      | Noticed Dowan
  4249 | D:5      | Killed Duvessa
  4249 | D:5      | Reached skill level 5 in Armour
  4249 | D:5      | Reached skill level 5 in Shields
  4251 | D:5      | Killed Dowan
  4260 | D:5      | Found a transporter.
  4283 | D:4      | Reached XP level 7. HP: 39/57 MP: 6/6
  4588 | D:5      | Reached skill level 6 in Armour
  4715 | D:5      | Found a transporter.
  4924 | D:5      | Found a shattered altar of Ashenzari.
  4926 | D:5      | Noticed Velaskes's ghost (novice DrTm)
  4956 | D:5      | Found an opulent altar of Gozag.
  4972 | D:5      | Noticed Blork the orc
  4986 | D:5      | Killed Blork the orc
  4993 | D:5      | Reached XP level 8. HP: 64/64 MP: 7/7
  5071 | D:5      | Found an iron altar of Okawaru.
  5103 | D:5      | Became a worshipper of Warmaster Okawaru
  5269 | D:5      | Reached skill level 7 in Armour
  5407 | D:5      | Found a hazy altar of Hepliaklqana.
  5407 | D:5      | Found an ancient bone altar of Kikubaaqudgha.
  5726 | D:6      | Reached * piety under Okawaru
  5732 | D:6      | Reached skill level 10 in Shields
  6195 | D:6      | Found a snail-covered altar of Cheibriados.
  6201 | D:6      | Reached XP level 9. HP: 70/70 MP: 8/8
  6325 | D:6      | Found a sacrificial altar of Ru.
  7281 | D:7      | Reached ** piety under Okawaru
  8329 | D:8      | Reached *** piety under Okawaru
  8556 | D:8      | Reached skill level 10 in Polearms
  8695 | D:8      | Reached XP level 10. HP: 80/80 MP: 9/9
  8707 | D:8      | Got a bloodstained hand axe
  8708 | D:8      | Identified the +2 hand axe of Fragile Peace {speed, Int+4
                  | Dex+2} (You found it on level 8 of the Dungeon)
  8760 | D:8      | Noticed Psyche
  8775 | D:8      | Reached skill level 5 in Fighting
  8782 | D:8      | Killed Psyche
  8783 | D:8      | Noticed a two-headed ogre
  8791 | D:8      | Killed a two-headed ogre
  8791 | D:8      | Reached **** piety under Okawaru
  9271 | D:9      | Found a roughly hewn altar of Beogh.
  9271 | D:9      | Found a staircase to the Orcish Mines.
  9822 | D:9      | Reached ***** piety under Okawaru
  9822 | D:9      | Reached skill level 10 in Fighting
  9965 | D:9      | Found a staircase to the Lair.
  9980 | D:9      | Reached skill level 8 in Armour
  9985 | D:9      | HP: 1/93 [orc priest/divine providence (11)]
 10651 | D:10     | Entered Level 10 of the Dungeon
 10704 | D:10     | Reached skill level 9 in Armour
 10871 | D:10     | Noticed an ice statue
 10968 | D:10     | Received a gift from Okawaru
 10968 | D:10     | Reached XP level 11. HP: 99/99 MP: 10/10
 11379 | D:10     | Reached skill level 10 in Armour
 12067 | D:11     | Reached skill level 11 in Armour
 12216 | D:11     | Noticed an unseen horror
 12219 | D:11     | Killed an unseen horror
 12300 | D:11     | Reached skill level 12 in Armour
 12396 | D:11     | Noticed a two-headed ogre
 12404 | D:11     | Killed a two-headed ogre
 12662 | D:11     | Noticed a two-headed ogre
 12678 | D:11     | Killed a two-headed ogre
 12678 | D:11     | Reached skill level 13 in Armour
 13072 | Lair:1   | Entered Level 1 of the Lair of Beasts
 13099 | Lair:1   | Reached skill level 5 in Dodging
 13433 | Lair:1   | Reached ****** piety under Okawaru
 13467 | Lair:1   | Received a gift from Okawaru
 13511 | Lair:1   | Found an opulent altar of Gozag.
 13559 | Lair:1   | Noticed Urug
 13595 | Lair:1   | Reached XP level 12. HP: 66/106 MP: 4/11
 13605 | Lair:1   | Killed Urug
 15050 | Lair:2   | Reached skill level 10 in Dodging
 15604 | Lair:2   | Received a gift from Okawaru
 16045 | Lair:3   | Found a staircase to the Snake Pit.
 16092 | Lair:3   | Found a staircase to the Swamp.
 17206 | Lair:4   | Found a frozen archway.
 17224 | Lair:4   | Noticed a seven-headed hydra
 17230 | Lair:4   | Killed a seven-headed hydra
 17382 | IceCv    | Entered an ice cave
 17840 | IceCv    | Received a gift from Okawaru
 18337 | IceCv    | Reached XP level 13. HP: 93/113 MP: 12/12
 19815 | Lair:5   | Noticed Snorg
 19846 | Lair:5   | Killed Snorg
 19846 | Lair:5   | Reached skill level 15 in Polearms
 20269 | Lair:5   | Reached skill level 14 in Armour
 20299 | Lair:5   | Received a gift from Okawaru
 21137 | Lair:6   | Entered Level 6 of the Lair of Beasts
 21611 | Lair:6   | Reached skill level 15 in Armour
 21955 | Lair:6   | Received a gift from Okawaru
 22034 | Lair:6   | Reached skill level 16 in Armour
 22049 | Lair:6   | Identified a +1 pair of boots of running (Okawaru gifted it
                  | to you on level 6 of the Lair of Beasts)
 22180 | Lair:6   | Reached XP level 14. HP: 92/121 MP: 13/13
 22631 | Lair:6   | Found a staircase to the Slime Pits.
 22839 | Orc:1    | Entered Level 1 of the Orcish Mines
 23353 | Orc:1    | Found a radiant altar of Vehumet.
 23407 | Orc:1    | Found a roughly hewn altar of Beogh.
 23506 | Orc:1    | Found a roughly hewn altar of Beogh.
 23848 | Orc:1    | Reached skill level 17 in Armour
 23913 | Orc:2    | Entered Level 2 of the Orcish Mines
 23913 | Orc:2    | Found a staircase to the Elven Halls.
 23913 | Orc:2    | Noticed Sonja
 23926 | Orc:2    | Cast into level 1 of the Abyss (Sonja)
 24040 | Abyss:1  | Killed from afar by a green death

Illustrated notes

Levels and vault maps discovered:
D:1:      evilmike_arrival_plus, layout_basic, minmay_pentomino_s4
D:2:      layout_basic, nicolae_qazlal_style_of_elements, first_ration
D:3:      layout_basic, grunt_dithmenos_smoke_and_mirrors, lemuel_doored_altar,
          overflow_temple_1_default, uniq_crazy_yiuf_cottage
D:4:      layout_basic, kennysheep_mini, minmay_temple_entry_mist
D:5:      layout_cave_pools, okawaru_metal_pillars_3, kennysheep_little_box,
          overflow_temple_1_default, gammafunk_temple_overflow_wave,
          gammafunk_ghost_mausoleum, kennysheep_decorative_pillar,
          lightli_minifort, uniq_blork_the_orc, uniq_duvessa
D:6:      layout_loops_ring, nicolae_ru_the_path_less_chosen, slow_altar_1,
          corexii_checkpoint_a
D:7:      layout_gridville
D:8:      layout_rooms, uniq_psyche
D:9:      layout_rooms, erik_lair_orcish_takeover, david_orc_5
D:10:     lemuel_ice_statue, layout_basic
D:11:     layout_basic, serial_undead, serial_undead_d, serial_undead_b,
          serial_undead_e, serial_undead_e
Temple:   compressed_dpeg_circular_temple
Lair:1:   layout_gridlike, basic_altar, minmay_shattered_shrine,
          serial_bayou_shore_a, uniq_urug
Lair:2:   wad_woods_tower, layout_loops_ring, st_stairs_4
Lair:3:   layout_loops_ring, swamp_mist, guppyfry_snake_entry_island
Lair:4:   layout_concentric_octagons, portal_ice_cave_entry_pillars_1,
          serial_bayou_shore_b
Lair:5:   layout_regular_city, lemuel_fruit_fields, minmay_lair_oklob_chamber,
          lemuel_fruit_tree, uniq_snorg
Lair:6:   hangedman_lair_caniforms_friends, layout_loops_ring,
          dpeg_slime_entry_corner, serial_rivers,
          chequers_serial_rivers_small_b, chequers_serial_rivers_small_a,
          chequers_serial_rivers_micro_b, chequers_serial_rivers_micro_a,
          chequers_serial_rivers_small_a
Orc:1:    nicolae_orc_accident_2, layout_diamond_mine, basic_altar, mines2_david
Orc:2:    st_orc_elflike, layout_caves, basic_altar, serial_shops, bzr_firewalk,
          uniq_erolcha, uniq_sonja
Abyss:1:  base:
Lair:1

Skill      XL: |  1  2  3  4  5  6  7  8  9 10 11 12 13 14 |
---------------+-------------------------------------------+-----
Polearms       | 3 4 5 6 10 13 15 | 15.1
Armour         | 4 5 6 7 9 13 16 17 | 17.0
Dodging        | 1 2 3 4 7 10 | 10.2
Shields        | 4 5 7 10 11 12 | 12.1
Fighting       | 4 10 | 10.0
Axes           | |  0.2

Action                   |  1- 3 |  4- 6 |  7- 9 | 10-12 | 13-15 || total
-------------------------+-------+-------+-------+-------+-------++-------
Melee: Trident           |   180 |    45 |   174 |   385 |       ||   784
       Headbutt          |    14 |    26 |   104 |   188 |   143 ||   475
       Dagger            |       |    76 |   356 |       |       ||   432
       Spear             |       |       |    21 |       |       ||    21
       Hand axe          |       |       |       |   211 |       ||   211
       Broad axe         |       |       |       |     3 |       ||     3
       Demon trident     |       |       |       |   323 |   810 ||  1133
Throw: Javelin           |       |       |       |     3 |       ||     3
       Dart              |       |       |       |     2 |     5 ||     7
Invok: Heroism           |       |       |     2 |     4 |     7 ||    13
       Finesse           |       |       |       |     2 |     1 ||     3
Evoke: Wand              |       |       |       |     2 |     4 ||     6
  Use: Scroll            |       |       |     8 |       |    18 ||    26
       Potion            |       |       |       |     3 |     1 ||     4
  Eat: Chunk             |     3 |     6 |    20 |    22 |    14 ||    65
       Ration            |       |       |       |     3 |     2 ||     5
Armor: Scale mail        |    63 |    35 |    52 |       |       ||   150
       Chain mail        |       |       |   145 |   188 |     2 ||   335
       Plate armour      |       |       |       |       |   230 ||   230
Dodge: Dodged            |    38 |    33 |   159 |   145 |   181 ||   556
Block: Kite shield       |    63 |    63 |   310 |   369 |   356 ||  1161
